 Dungeon Crawl Stone Soup version 0.28-a0-500-g121bc3e445 (webtiles) character file.

Game seed: 10052534143239808656

4015 speeev33 the Protected (level 10, -1/94 HPs)
             Began as a Minotaur Fighter on Sept 20, 2021.
             Was a Priest of Okawaru.
             Engulfed by an efreet's flame (6 damage)
             ... on level 8 of the Dungeon.
             The game lasted 00:08:42 (8238 turns).

speeev33 the Protected (Minotaur Fighter)           Turns: 8238, Time: 00:08:43

Health: -1/94      AC: 16    Str: 25    XL:     10   Next: 3%
Magic:  7/9        EV:  9    Int:  5    God:    Okawaru [***...]
Gold:   318        SH:  5    Dex:  5    Spells: 9/9 levels left

rFire   . . .      SeeInvis .   a - +1 long sword
rCold   . . .      Faith    .   c - +0 buckler
rNeg    . . .      Spirit   .   r - +1 chain mail "Kemaudgh" {+Inv Dex-4 Slay+2}
rPois   .          Reflect  .   (helmet restricted)
rElec   .          Harm     .   (no cloak)
rCorr   .          Rampage  .   q - +0 pair of gloves
Will    +....                   (no boots)
Stlth   ..........              (no amulet)
HPRegen 0.25/turn               g - ring of willpower
MPRegen 0.11/turn               (no ring)

@: heroic
A: horns 2, retaliatory headbutt
a: Renounce Religion, Evoke Invisibility, Heroism


You were on level 8 of the Dungeon.
You worshipped Okawaru.
Okawaru was most pleased with you.
You visited 2 branches of the dungeon, and saw 9 of its levels.

You collected 318 gold pieces.

Inventory:

Hand Weapons
 a - a +1 long sword (weapon)
 e - a +1 flail of protection
Armour
 c - a +0 buckler (worn)
 q - a +0 pair of gloves (worn)
 r - the +1 chain mail "Kemaudgh" (worn) {+Inv Dex-4 Slay+2}
   (You found it on level 5 of the Dungeon)

   Dex:       It affects your dexterity (-4).
   Slay:      It affects your accuracy & damage with ranged weapons and melee
   (+2).
   +Inv:      It lets you turn invisible.
Jewellery
 g - a ring of willpower (left hand)
 v - an amulet of regeneration
 w - a ring of flight
Wands
 k - a wand of mindburst (19)
 p - a wand of iceblast (5)
 x - a wand of acid (15)
 y - a wand of digging (6)
Scrolls
 f - a scroll of summoning
 m - 4 scrolls of amnesia
 o - 4 scrolls of teleportation
 s - a scroll of enchant armour {unknown}
Potions
 b - a potion of resistance
 d - a potion of might
 h - a potion of ambrosia
 i - 4 potions of heal wounds
 j - 5 potions of attraction
 l - 2 potions of brilliance
 n - 2 potions of lignification
 t - 2 potions of curing
 u - a potion of flight {unknown}


   Skills:
 + Level 10.5(15.5) Fighting
 + Level 10.2(15.2) Long Blades
 + Level 10.5(15.5) Armour
 - Level 4.0(9.0) Shields


You had 9 spell levels left.
You didn't know any spells.
Your spell library was empty.

Dungeon Overview and Level Annotations

Branches:
Dungeon (8/15)             Temple (1/1) D:5
   Lair: D:8-11

Altars:
Ashenzari
Cheibriados
Dithmenos
Elyvilon
Fedhas
Gozag
Hepliaklqana
Kikubaaqudgha
Makhleb
Nemelex Xobeh
Okawaru
Qazlal
Ru
Sif Muna
Trog
Uskayaw
Vehumet
Wu Jian
Xom
Yredelemnul
Zin
The Shining One

Annotations:
D:8 1 runed translucent door


Innate Abilities, Weirdness & Mutations

You have a pair of horns on your head.
You reflexively headbutt those who attack you in melee.


Message History

A gargoyle comes into view. It is wielding a +0 mace.
The gargoyle moves out of view.
y - a wand of digging (6)
You see here 14 arrows.
An efreet comes into view.
It is wielding a +4 scimitar of flaming.
Found a glowing arbalest.
There are monsters nearby!
You gain the combat prowess of a mighty hero.
The efreet hits you with a +4 scimitar of flaming!!
The efreet burns you.
You hit the gargoyle but do no damage.
You headbutt the gargoyle, but do no damage.
The gargoyle hurls a stone arrow at you.
The stone arrow hits you!
You hit the gargoyle but do no damage. Your headbutt misses the gargoyle.
The efreet hits you with a +4 scimitar of flaming.
The efreet burns you.
The gargoyle hits you but does no damage.
Unknown command.
You hit the gargoyle but do no damage.
You headbutt the gargoyle, but do no damage.
The efreet gestures at you. The bolt of fire hits you!
The tree burns like a torch!
You barely miss the gargoyle.
You are engulfed in blazing flames.
The gargoyle is engulfed in blazing flames.
The gargoyle hits you with a +0 mace!
* * * LOW HITPOINT WARNING * * *
You barely miss the gargoyle.
The gargoyle is heavily damaged.
You are engulfed in blazing flames.
* * * LOW HITPOINT WARNING * * *
The efreet barely misses you.
The gargoyle is engulfed in blazing flames.
The gargoyle hits you with a +0 mace.
* * * LOW HITPOINT WARNING * * *
You slash the gargoyle!
You destroy the gargoyle!
Okawaru accepts your kill.
You are engulfed in blazing flames.
You die... ....##.## gYD #.....#.## ###.#..# cDF

#.......# ......##
##....### ####..#
#....# ...## ##..)##
..### # ####..####
.## #) ##.♣###...###
#.#§§§.♣###...###
#R@§§(..♣###...###
##§§§P....♣###...#
....#♣..♣P......##.#
..###..P....♣###...#
. #♣....♣## .###
#...♣## ## #.♣## ##


You could see an efreet.

Vanquished Creatures
  A gargoyle (D:8)
  Grinder (D:3)
  6 yaks (D:8)
  A basilisk (D:7)
  2 sky beasts
  2 water moccasins
  A black bear (D:5)
  A necrophage (D:6)
  A centaur (D:6)
  2 kobold brigands
  2 bullfrogs
  2 scorpions (D:6)
  2 wyvern zombies
  2 wyvern skeletons
  3 water moccasin skeletons
  8 wights
  A howler monkey (D:5)
  A bullfrog zombie (D:6)
  A centaur zombie (D:3)
  A jelly (D:6)
  5 hounds
  2 orc priests (D:6)
  A bullfrog skeleton (D:6)
  An iguana (D:6)
  4 centaur skeletons
  2 gnoll shamans (D:7)
  8 orc wizards
  A hound skeleton (D:4)
  A howler monkey zombie (D:5)
  Robin (D:2)
  6 adders
  12 gnolls
  2 white imps
  An adder skeleton (D:4)
  A worm (D:2)
  3 dart slugs
  12 orcs
  10 endoplasms
  2 giant cockroaches
  10 goblins
  7 hobgoblins
  2 jackals (D:4)
  4 quokkas
  5 ball pythons
  4 bats (D:3)
  4 frilled lizards
  10 kobolds
  8 rats
170 creatures vanquished.

Notes
Turn   | Place    | Note
-------+----------+-------------------------------------------
     0 | D:1      | speeev33 the Minotaur Fighter began the quest for the Orb.
     0 | D:1      | Reached XP level 1. HP: 19/19 MP: 0/0
   174 | D:1      | Reached XP level 2. HP: 27/27 MP: 1/1
   541 | D:2      | Reached XP level 3. HP: 19/33 MP: 2/2
   709 | D:2      | Noticed Robin
   714 | D:2      | Killed Robin
   994 | D:2      | Reached XP level 4. HP: 34/41 MP: 3/3
  1980 | D:3      | Reached skill level 5 in Fighting
  1980 | D:3      | Reached skill level 5 in Armour
  1980 | D:3      | Reached XP level 5. HP: 45/48 MP: 4/4
  2012 | D:3      | Noticed Grinder
  2018 | D:3      | Killed Grinder
  2019 | D:3      | Reached skill level 5 in Long Blades
  2019 | D:3      | Reached XP level 6. HP: 42/57 MP: 5/5
  2890 | D:4      | Reached XP level 7. HP: 63/63 MP: 6/6
  3510 | D:5      | Entered Level 5 of the Dungeon
  3940 | D:5      | Found an opulent altar of Gozag.
  4118 | D:5      | Identified the +1 chain mail "Kemaudgh" {+Inv Dex-4 Slay+2}
  4229 | D:5      | Reached XP level 8. HP: 68/73 MP: 7/7
  4370 | D:5      | Found a shadowy altar of Dithmenos.
  4411 | D:5      | Found a staircase to the Ecumenical Temple.
  4454 | Temple   | Entered the Ecumenical Temple
  4637 | Temple   | Became a worshipper of Warmaster Okawaru
  5608 | D:6      | Reached * piety under Okawaru
  5820 | D:6      | Found a hide-covered altar of Uskayaw.
  6062 | D:6      | Reached XP level 9. HP: 54/82 MP: 8/8
  6072 | D:6      | Reached ** piety under Okawaru
  7232 | D:7      | Found a basalt altar of Yredelemnul.
  7913 | D:8      | Found a runed translucent door.
  7923 | D:8      | Reached skill level 10 in Fighting
  7932 | D:8      | Reached skill level 10 in Armour
  7935 | D:8      | Reached *** piety under Okawaru
  7946 | D:8      | Reached skill level 10 in Long Blades
  7961 | D:8      | Reached XP level 10. HP: 43/94 MP: 6/9
  8227 | D:8      | Noticed a gargoyle
  8238 | D:8      | Killed a gargoyle
  8238 | D:8      | Engulfed by an efreet's flame

Illustrated notes

Levels and vault maps discovered:
D:1:      minmay_arrival_glassed_features, layout_basic, st_stairs_2,
          minmay_liquid_box, chequers_serial_rivers_small_a
D:2:      layout_loops_ring, uniq_robin
D:3:      minmay_spotlight, layout_loops_ring, grunt_decor_cap,
          amcnicky_mini_rare_corridor_liquid, uniq_grinder
D:4:      layout_layer_cave
D:5:      layout_loops_corners, lemuel_coloured_pillars_altar,
          mainiacjoe_overflow_tiny_flanked, minmay_temple_entry_trees,
          minmay_curled_crystal, kennysheep_big_empty_room, glass_columns_a
D:6:      layout_basic, nicolae_uskayaw_dance_studio
D:7:      layout_cave_pools, lemuel_crystal_altar
D:8:      minmay_the_grid_four_pointed_star
          [minmay_the_grid_triangle_9x9_impossible_snake,
          minmay_the_grid_triangle_9x9_steps,
          minmay_the_grid_triangle_9x9_shrine,
          minmay_the_grid_triangle_9x9_fully_insulated_deathbox,
          minmay_the_grid_prize_trominoes], layout_rooms,
          kennysheep_generic_room_15
Temple:   dpeg_five_rooms_temple

Skill      XL: |  1  2  3  4  5  6  7  8  9 |
---------------+----------------------------+-----
Fighting       | 4 5 6 7 8 10 | 10.5
Long Blades    | 3 4 5 6 8 10 | 10.2
Armour         | 4 5 6 7 8 10 | 10.5
Shields        | 4 |  4.0

Action                   |  1- 3 |  4- 6 |  7- 9 | 10-12 || total
-------------------------+-------+-------+-------+-------++-------
Melee: Long sword        |    61 |   100 |   311 |     7 ||   479
       Headbutt          |    13 |    21 |    55 |     2 ||    91
Invok: Heroism           |       |       |     2 |     1 ||     3
  Use: Scroll            |     2 |     5 |     6 |       ||    13
       Potion            |       |     1 |       |       ||     1
Armor: Scale mail        |    21 |    21 |       |       ||    42
       Chain mail        |       |    28 |   177 |     1 ||   206
Dodge: Dodged            |    25 |    49 |   108 |     1 ||   183
Block: Buckler           |     7 |    27 |    61 |       ||    95

Table legend: (Time is in decaauts)
 A = Elapsed time spent in this place.
 B = Non-inter-level travel time spent in this place.
 C = Inter-level travel time spent in this place.
 D = Time resting spent in this place.
 E = Time spent auto-exploring this place.
 F = Levels seen in this place.
 G = Mean time per level.
                   A        B        C        D        E       F      G
               +--------+--------+--------+--------+--------+-----+--------+
         Total |   8270 |   8004 |    266 |   2043 |   4765 |   9 |  918.9 |
       Dungeon |   7971 |   7735 |    236 |   2043 |   4516 |   8 |  996.4 |
        Temple |    298 |    268 |     30 |      0 |    249 |   1 |  298.0 |
               +--------+--------+--------+--------+--------+-----+--------+

Top non-repeatable levels by time:
     D:6: 1611 daAuts
     D:5: 1355 daAuts
     D:3: 1036 daAuts
     D:4: 1029 daAuts
     D:2: 938 daAuts
     D:7: 904 daAuts
     D:8: 556 daAuts
     D:1: 539 daAuts
  Temple: 298 daAuts
